 Dungeon Crawl Stone Soup version 0.30-a0-368-g86fb4627a9 (webtiles) character file.

Game seed: 10240406125232082577

648 MTVSty1e the Cleaver (level 7, -12/64 HPs)
             Began as a Minotaur Fighter on Nov 19, 2022.
             Killed from afar by Dowan (13 damage)
             ... with a shard of ice
             ... on level 5 of the Dungeon.
             The game lasted 00:03:35 (2912 turns).

MTVSty1e the Cleaver (Minotaur Fighter)             Turns: 2912, Time: 00:03:37

Health: -12/64     AC:  9    Str: 23    XL:     7   Next: 27%
Magic:  6/6        EV:  9    Int:  5    God:
Gold:   207        SH:  4    Dex:  9    Spells: 6/6 levels left

rFire   . . .      SeeInvis .    a - +0 war axe (freeze)
rCold   . . .      Faith    .    c - +0 buckler
rNeg    . . .      Spirit   .    b - +0 scale mail
rPois   .          Reflect  .    (helmet restricted)
rElec   .          Harm     .    (no cloak)
rCorr   .          Rampage  .    (no gloves)
Will    .....                    j - +1 pair of boots
Stlth   ..........               (no amulet)
HPRegen 0.30/turn                (no ring)
MPRegen 0.10/turn                (no ring)

@: no status effects
A: horns 2, retaliatory headbutt
a: no special abilities


You were on level 5 of the Dungeon.
You visited 1 branch of the dungeon, and saw 5 of its levels.

You collected 207 gold pieces.

Inventory:

Hand Weapons
 a - a +0 war axe of freezing (weapon)
Missiles
 e - a throwing net (quivered)
Armour
 b - a +0 scale mail (worn)
 c - a +0 buckler (worn)
 j - a +1 pair of boots (worn)
Jewellery
 t - a ring of wizardry
Wands
 r - a wand of iceblast (20)
Scrolls
 f - 4 scrolls of identify
 v - a scroll of silence
Potions
 d - a potion of might
 i - a potion of cancellation {unknown}
 k - 3 potions of flight
 m - a potion of mutation {unknown}
 n - a potion of lignification {unknown}
 o - a potion of experience {unknown}


   Skills:
 + Level 6.5 Fighting
 * Level 8.2 Axes
 - Level 3.6 Armour
 - Level 3.6 Shields


You had 6 spell levels left.
You didn't know any spells.
Your spell library contained the following spells:

 Spells                   Type           Power      Damage    Failure   Level
 Sublimation of Blood     Necr           0%         N/A       95%         2
 Wereblood                Tmut           0%         N/A       95%         2
 Hailstorm                Conj/Ice       0%         3d3       99%         3
 Ice Form                 Ice/Tmut       0%         N/A       100%        4
 Simulacrum               Ice/Necr       0%         N/A       100%        6
 Summon Hydra             Summ           0%         N/A       100%        7


Dungeon Overview and Level Annotations

Branches:
Dungeon (5/15)
 Temple: D:4-7

Altars:
Nemelex Xobeh
Uskayaw

Shops:
D:1 *   D:2 !

Annotations:
D:5 Dowan


Innate Abilities, Weirdness & Mutations

You have a pair of horns on your head.
You reflexively headbutt those who attack you in melee.


Message History

Duvessa is heavily wounded.
Duvessa closely misses you.
You closely miss Duvessa. You headbutt Duvessa!
Duvessa is severely wounded.
Duvessa hits you with a +0 short sword! Duvessa barely misses you.
You hit Duvessa. You freeze Duvessa.
Duvessa is severely wounded.
An iguana comes into view.
Duvessa hits you with a +0 short sword.
You closely miss Duvessa. Your headbutt misses Duvessa.
Duvessa is severely wounded.
You barely miss Dowan. Duvessa barely misses you. You furiously retaliate!
You headbutt Duvessa!
You kill Duvessa!
Dowan seems overcome with grief.
Dowan seems to find hidden reserves of power!
Dowan gestures wildly while chanting.
Dowan blinks!
Your Axes skill increases to level 8!
The orc attacks as you move away! The orc hits you but does no damage.
The iguana attacks as you move away! You block the iguana's attack.
Dowan casts a spell at you. The stone arrow hits you.
You slash Dowan! You freeze Dowan.
Dowan is moderately wounded.
You hit the iguana. You freeze the iguana. Dowan hits you but does no damage.
The iguana bites you.
You slash Dowan! You freeze Dowan.
Dowan is almost dead.
You hit the iguana.
The iguana seems to slow down.
You freeze the iguana. You closely miss the orc.
Dowan mumbles some strange words.
Dowan blinks!
The orc hits you with a +0 whip. The iguana bites you.
Dowan points at you and mumbles some strange words.
The shard of ice hits you!!
* * * LOW HITPOINT WARNING * * *
Dowan shakes with grief.
Dowan gestures at you while chanting. The shard of ice hits you!
You die...

#.....###.. ..#.. .#
#......#.###.# .. .#
##.....#.....###. ..#
#......#......#.###.#
##.....#.....#....)##
###.###.#......#......#
#.)#...###.....#.§l..#.#
#..#....#.###.#......#
#..#.....#...###@o...#
#..##....#....#e###.#...#
##.###...#.....# .##...#
#.##.###.#....# . ...#
#.###...###...# . #.#.#
#...#....#.###.# .#
#####.....# ##
#######....# .....###...#


You could see Dowan (fast), an iguana (slow) and an orc.

Vanquished Creatures
  Sigmund (D:5)
  A water moccasin (D:5)
  Duvessa (D:5)
  A howler monkey (D:4)
  2 hounds
  An orc priest (D:4)
  2 orc wizards
  A worm (D:4)
  2 dart slugs
  11 orcs
  10 endoplasms
  2 giant cockroaches
  5 hobgoblins
  6 jackals
  2 quokkas
  8 ball pythons
  8 bats
  3 frilled lizards
  8 goblins
  6 kobolds
  6 rats (D:1)
87 creatures vanquished.

Notes
Turn   | Place    | Note
-------+----------+-------------------------------------------
     0 | D:1      | MTVSty1e the Minotaur Fighter began the quest for the Orb.
     0 | D:1      | Reached XP level 1. HP: 19/19 MP: 0/0
   119 | D:1      | Reached skill level 3 in Axes
   130 | D:1      | Reached XP level 2. HP: 27/27 MP: 1/1
   235 | D:1      | Found Cohoza's Assorted Antiques.
   280 | D:1      | Reached XP level 3. HP: 25/33 MP: 2/2
   457 | D:1      | Reached skill level 4 in Axes
   821 | D:2      | Found Saweetud's Distillery.
  1215 | D:2      | Found a faded altar of an unknown god.
  1339 | D:3      | Found a sparkling altar of Nemelex Xobeh.
  1343 | D:3      | Found a hide-covered altar of Uskayaw.
  1383 | D:3      | HP: 1/34 [orc wizard/magic dart (3)]
  1388 | D:3      | Reached XP level 4. HP: 3/41 MP: 3/3
  1603 | D:3      | Reached skill level 5 in Axes
  2001 | D:4      | Reached XP level 5. HP: 47/47 MP: 4/4
  2025 | D:4      | Reached skill level 5 in Fighting
  2113 | D:4      | Reached skill level 6 in Axes
  2256 | D:4      | Identified the +10 rapier "Wouron" {distort, rPois rC- MP+9
                  | SInv}
  2419 | D:5      | Entered Level 5 of the Dungeon
  2420 | D:5      | Noticed Sigmund
  2433 | D:5      | Killed Sigmund
  2434 | D:5      | Reached skill level 7 in Axes
  2434 | D:5      | Reached XP level 6. HP: 32/57 MP: 5/5
  2588 | D:5      | Noticed a water moccasin
  2596 | D:5      | Killed a water moccasin
  2597 | D:5      | Reached XP level 7. HP: 53/63 MP: 6/6
  2893 | D:5      | Noticed Duvessa
  2894 | D:5      | Noticed Dowan
  2907 | D:5      | Killed Duvessa
  2908 | D:5      | Reached skill level 8 in Axes
  2912 | D:5      | HP: 1/64 [Dowan/shard of ice (21)]
  2912 | D:5      | Killed from afar by Dowan

Illustrated notes

Levels and vault maps discovered:
D:1:      minmay_arrival_diagonal_passages, layout_loops_ring, serial_shops,
          shop_fountains
D:2:      layout_basic, serial_shops, nicolae_shop_competitors_out_of_business,
          shapermc_ecumenical_altar_acropolis
D:3:      layout_rooms, grunt_temple_overflow_open
D:4:      layout_rooms, corexii_hall_statues_x
D:5:      nicolae_BIG_FREAKIN_CUBE, layout_loops_ring, general_overflow_altar,
          uniq_eustachio, uniq_edmund, uniq_duvessa, uniq_sigmund

Skill      XL: |  1  2  3  4  5  6  7 |
---------------+----------------------+-----
Axes           | 3 4 5 7 8 |  8.2
Fighting       | 4 5 6 |  6.5
Armour         | |  3.6
Shields        | |  3.6

Action                   |  1- 3 |  4- 6 |  7- 9 || total
-------------------------+-------+-------+-------++-------
Melee: War axe           |   129 |    70 |    16 ||   215
       Headbutt          |    14 |     9 |     3 ||    26
  Use: Potion            |     3 |     2 |       ||     5
       Scroll            |       |       |     9 ||     9
Armor: Scale mail        |    81 |    35 |     4 ||   120
Dodge: Dodged            |    63 |    33 |     7 ||   103
Block: Buckler           |    29 |    19 |     2 ||    50

Table legend: (Time is in decaauts)
 A = Elapsed time spent in this place.
 B = Non-inter-level travel time spent in this place.
 C = Inter-level travel time spent in this place.
 D = Time resting spent in this place.
 E = Time spent auto-exploring this place.
 F = Levels seen in this place.
 G = Mean time per level.
                   A        B        C        D        E       F      G
               +--------+--------+--------+--------+--------+-----+--------+
         Total |   2977 |   2927 |     50 |    589 |   1776 |   5 |  595.4 |
       Dungeon |   2977 |   2927 |     50 |    589 |   1776 |   5 |  595.4 |
               +--------+--------+--------+--------+--------+-----+--------+

Top non-repeatable levels by time:
     D:1: 776 daAuts
     D:2: 585 daAuts
     D:3: 572 daAuts
     D:4: 545 daAuts
     D:5: 498 daAuts
